 Dungeon Crawl Stone Soup version 0.16.1-30-g34a7ffa (webtiles) character file.

221 ztt the Covered (level 5, 0/47 HPs)
             Began as a Minotaur Fighter on June 26, 2015.
             Killed from afar by Sigmund (12 damage)
             ... with a puff of flame
             ... on level 3 of the Dungeon.
             The game lasted 00:04:12 (2107 turns).

ztt the Covered (Minotaur Fighter)                  Turns: 2107, Time: 00:04:13

Health: 0/47       AC:  9    Str: 21    XL:     5   Next: 65%
Magic:  2/2        EV:  8    Int:  5    God:
Gold:   128        SH:  9    Dex: 10    Spells: 0 memorised, 4 levels left

rFire  . . .     SeeInvis .     a - +1 war axe
rCold  . . .     Clarity  .     b - +0 scale mail
rNeg   . . .     SustAb   .     c - +0 shield
rPois  .         Gourm    .     (helmet restricted)
rElec  .         Spirit   .     (no cloak)
rCorr  .         Warding  .     s - +0 pair of gloves
rMut   .         Stasis   .     g - +0 pair of boots
MR     .....                    (no amulet)
Stlth  ..........               o - ring of flight
                                j - ring of invisibility

@: not resistant to hostile enchantments, extremely unstealthy
A: retaliatory headbutt, horns 2
a: Evoke Invisibility, Evoke Flight


You were on level 3 of the Dungeon.
You were hungry.

You visited 1 branch of the dungeon, and saw 3 of its levels.

You collected 128 gold pieces.

Inventory:

Hand weapons
 a - a +1 war axe (weapon)
Armour
 b - a +0 scale mail (worn)
 c - a +0 shield (worn)
 g - a +0 pair of boots (worn)
 s - a +0 pair of gloves (worn)
Jewellery
 j - a ring of invisibility (left hand)
 o - a ring of flight (right hand)
Magical devices
 r - a wand of enslavement (6)
Scrolls
 e - a scroll of identify
 h - a scroll of recharging
 t - a scroll of enchant weapon
 u - 3 scrolls of remove curse
Potions
 i - a potion of restore abilities {unknown}
 k - a potion of heal wounds
 l - a potion of degeneration {unknown}
 m - 3 potions of flight {unknown}
 p - a potion of curing
Comestibles
 d - 3 bread rations
 f - 5 meat rations
 q - a beef jerky


   Skills:
 + Level 4.7 Fighting
 + Level 3.5 Axes
 + Level 5.1 Armour
 + Level 2.1 Dodging
 + Level 0.3 Stealth
 + Level 4.5 Shields


You had 4 spell levels left.
You didn't know any spells.

Dungeon Overview and Level Annotations

Branches:
Dungeon (3/15)

Altars:
Cheibriados
Elyvilon
Makhleb
The Shining One

Annotations:
D:3 Sigmund


Innate Abilities, Weirdness & Mutations

You reflexively headbutt those who attack you in melee.
You have a pair of horns on your head.


Message History

Sigmund casts a spell at you.
You are more confused.
Sigmund hits you but does no damage.
Sigmund hits you from afar with a scythe of freezing.
Sigmund freezes you.
You bump into the rock wall.
Sigmund screams, "Don't try to resist!"
Sigmund hits you with a scythe of freezing!
Sigmund freezes you. Sigmund barely misses you.
Sigmund gestures at you while chanting. The puff of flame hits you!
You feel less confused.
Sigmund hits you from afar with a scythe of freezing.
* * * LOW HITPOINT WARNING * * *
Sigmund freezes you.
* * * LOW HITPOINT WARNING * * *
Sigmund gestures at you while chanting. The puff of flame hits you!
You die...

..##..........#.##.# ####.###.
..####........#.##.# ##.##.....
..####.....#.##.##.####♣._##.....
...#.......#.....[.##.'...8#.....
.....##....##.#.##....#♣)_##.....
##........###...##.######.#......
##....##### ##...#.########......
......# ##.@..##............
.##...# ####@......####......
###...#######...........###......
# #......................########
# #.........###..........#
#......#### #..........# #......#
#..........# #.....##
#..........# #.....# ##..÷.÷...##
####### ##.>..)...##


You could see Sigmund.

Vanquished Creatures
  The ghost of cireshan the Ruffian, an average VSMo (D:3)
  An iguana (D:3)
  3 gnolls (D:3)
  4 adders
  3 oozes
  7 bats
  8 hobgoblins
  4 jackals (D:2)
  4 quokkas
  A ball python (D:3)
  3 giant cockroaches (D:2)
  A giant gecko (D:3)
  6 giant newts
  11 goblins
  7 kobolds
  5 rats
69 creatures vanquished.

Notes
Turn   | Place    | Note
--------------------------------------------------------------
     0 | D:1      | ztt, the Minotaur Fighter, began the quest for the Orb.
     0 | D:1      | Reached XP level 1. HP: 19/19 MP: 1/1
   323 | D:1      | Reached XP level 2. HP: 24/27 MP: 1/1
   551 | D:1      | Reached skill level 4 in Armour
   802 | D:2      | Reached XP level 3. HP: 19/33 MP: 2/2
  1091 | D:2      | Found a snail-covered altar of Cheibriados.
  1103 | D:2      | Found a glowing golden altar of the Shining One.
  1352 | D:3      | Reached skill level 1 in Dodging
  1352 | D:3      | Reached XP level 4. HP: 40/40 MP: 2/2
  1603 | D:3      | Noticed Sigmund
  1693 | D:3      | Noticed cireshan's ghost (average VSMo)
  1697 | D:3      | Killed cireshan's ghost
  1697 | D:3      | Reached skill level 5 in Armour
  1697 | D:3      | Reached XP level 5. HP: 47/47 MP: 2/2
  1709 | D:3      | Found a white marble altar of Elyvilon.
  1709 | D:3      | Found a burning altar of Makhleb.
  2107 | D:3      | Killed from afar by Sigmund

Action                   |  1- 3 |  4- 6 || total
-------------------------+-------+-------++-------
Melee: War axe           |    83 |    58 ||   141
  Use: Scroll            |     7 |     4 ||    11
       Potion            |       |     1 ||     1
  Eat: Chunk             |     1 |     2 ||     3
